 Dungeon Crawl Stone Soup version 0.20-a0-945-g3bf614a (webtiles) character file.

77 tarabluh the Firebug (level 4, -11/24 HPs)
             Began as a Deep Elf Fire Elementalist on Apr 1, 2017.
             Mangled by PapaToasty's ghost (12 damage)
             ... on level 3 of the Dungeon.
             The game lasted 00:03:37 (1881 turns).

tarabluh the Firebug (Deep Elf Fire Elementalist)   Turns: 1881, Time: 00:03:37

Health: -11/24     AC:  2    Str:  5    XL:     4   Next: 14%
Magic:  1/11       EV: 14    Int: 21    God:
Gold:   96         SH:  0    Dex: 15    Spells: 3/10 levels left

rFire    . . .     SeeInvis .   h - +5 dagger
rCold    . . .     Gourm    .   (no shield)
rNeg     . . .     Faith    .   a - +0 robe
rPois    .         Spirit   .   (no helmet)
rElec    .         Reflect  .   (no cloak)
rCorr    .         Harm     +   (no gloves)
MR       .....                  (no boots)
Stlth    ++........             m - amulet of harm
Regen    0.1/turn               k - ring of flight
MPRegen  0.2/turn               (no ring)

@: no status effects
A: no striking features
a: Evoke Flight


You were on level 3 of the Dungeon.
You were not hungry.

You visited 1 branch of the dungeon, and saw 3 of its levels.

You collected 96 gold pieces.

Inventory:

Hand Weapons
 h - a +5 dagger (weapon)
Armour
 a - a +0 robe (worn)
Jewellery
 f - an uncursed amulet of inaccuracy
 k - a ring of flight (left hand)
 m - an amulet of harm (around neck)
 u - a +1 ring of slaying {unknown}
Scrolls
 q - a scroll of identify
Potions
 d - a potion of berserk rage
 g - a potion of flight {unknown}
 l - a potion of brilliance {unknown}
 s - 2 potions of haste {unknown}
 t - a potion of curing {unknown}
Books
 b - a book of Flames

   Spells                             Type                      Level
   a - Flame Tongue                   Conjuration/Fire             1
   b - Throw Flame                    Conjuration/Fire             2
   c - Conjure Flame                  Conjuration/Fire             3
   d - Inner Flame                    Hexes/Fire                   3
   e - Sticky Flame                   Conjuration/Fire             4
   f - Fireball                       Conjuration/Fire             5
Comestibles
 c - 2 bread rations
 o - a meat ration
 v - 2 chunks of flesh


   Skills:
 * Level 3.5 Dodging
 - Level 2.8 Stealth
 + Level 3.5 Spellcasting
 * Level 2.1 Conjurations
 + Level 4.0 Fire Magic


You had 3 spell levels left.
You knew the following spells:

 Your Spells              Type           Power        Failure   Level  Hunger
a - Flame Tongue          Conj/Fire      ###..        4%          1    None
b - Conjure Flame         Conj/Fire      ###.....     14%         3    ###....
c - Inner Flame           Hex/Fire       ##......     21%         3    ###....


Dungeon Overview and Level Annotations

Branches:
Dungeon (3/15)

Altars:

Annotations:
D:3 PapaToasty's ghost, amateur FoFi


Message History

PapaToasty's ghost completely misses you.
You closely miss PapaToasty's ghost.
PapaToasty's ghost is moderately damaged.
PapaToasty's ghost hits you!
Ouch! That really hurt!
* * * LOW HITPOINT WARNING * * *
Your magical contamination has completely faded away.
You hit PapaToasty's ghost but do no damage.
PapaToasty's ghost is moderately damaged.
PapaToasty's ghost closely misses you.
Casting: Flame Tongue
Confirm with . or Enter, or press ? or * to list all spells.
Aiming: Flame Tongue
Press: ? - help, Shift-Dir - straight line, f/p - PapaToasty's ghost
Aim: PapaToasty's ghost (moderately damaged)
The flame tongue hits PapaToasty's ghost.
PapaToasty's ghost is moderately damaged.
PapaToasty's ghost hits you!
Ouch! That really hurt!
You die...

####### ......
###.#.# #.....#
#.#.### #W#W##
#.#.@# #.####
######.####
.#######.........#
w......#W#####.###
......W..# .#
######.### .# #.#
.# #.# ..


You could see PapaToasty's ghost.

Vanquished Creatures
  3 adders (D:2)
  3 dart slugs
  2 leopard geckos (D:1)
  3 giant cockroaches
  10 goblins
  3 hobgoblins
  A quokka (D:2)
  A ball python (D:2)
  2 bats (D:2)
  5 frilled lizards
  5 kobolds
  5 rats
43 creatures vanquished.

Notes
Turn   | Place    | Note
-------+----------+-------------------------------------------
     0 | D:1      | tarabluh the Deep Elf Fire Elementalist began the quest for the Orb.
     0 | D:1      | Reached XP level 1. HP: 10/10 MP: 6/6
     0 | D:1      | Noticed a tentacled monstrosity
     2 | D:1      | Noticed an ice dragon
     4 | D:1      | Noticed a shadow dragon
     5 | D:1      | Noticed an iron dragon
     6 | D:1      | Noticed a tentacled monstrosity
     7 | D:1      | Noticed a large abomination
     8 | D:1      | Noticed an iron dragon
    12 | D:1      | Noticed an iron dragon
    14 | D:1      | Noticed a shadow dragon
    14 | D:1      | Noticed a shadow dragon
    14 | D:1      | Noticed a shadow dragon
    16 | D:1      | Noticed an orb of fire
    16 | D:1      | Noticed a large abomination
    16 | D:1      | Noticed a shadow dragon
    18 | D:1      | Noticed an iron dragon
    18 | D:1      | Noticed an ice dragon
   224 | D:1      | Reached XP level 2. HP: 13/15 MP: 5/8
   945 | D:2      | Reached XP level 3. HP: 19/19 MP: 7/9
   970 | D:2      | Learned a level 3 spell: Conjure Flame
   974 | D:2      | Learned a level 3 spell: Inner Flame
  1136 | D:2      | Reached skill level 4 in Fire Magic
  1724 | D:2      | Reached XP level 4. HP: 24/24 MP: 9/11
  1847 | D:3      | Noticed PapaToasty's ghost (amateur FoFi)
  1878 | D:3      | HP: 1/24 [PapaToasty's ghost (13)]
  1881 | D:3      | Mangled by PapaToasty's ghost

Vault maps used:
D:1:      shiori_arrival_whats_in_store_for_you, minmay_tromino_mix6
D:3:      first_bread, portal_sewer_entry_f

Skill      XL: |  1  2  3 |
---------------+----------+-----
Dodging        | 3 |  3.5
Fire Magic     | 4 |  4.0
Conjurations   | 2 |  2.1
Stealth        | |  2.8
Spellcasting   | |  3.5

Action                   |  1- 3 |  4- 6 || total
-------------------------+-------+-------++-------
Melee: Dagger            |    49 |    13 ||    62
 Cast: Flame Tongue      |    52 |    10 ||    62
       Conjure Flame     |       |     1 ||     1
  Use: Scroll            |       |     7 ||     7
 Stab: Sleeping          |     6 |       ||     6
  Eat: Chunk             |     2 |     1 ||     3
Armor: Robe              |    11 |     2 ||    13
Dodge: Dodged            |    33 |    11 ||    44
